 Dungeon Sprint DCSS version 0.24-a0-251-g44e327ef01 (webtiles) character file.

Game seed: 2693607436807133440

43915 Redear the Brawler (level 13, 0/146 HPs)
             Began as a Troll Fighter on Apr 16, 2019.
             Was the Champion of Cheibriados.
             Slain by an azure jelly (24 damage)
             ... in the Dungeon (Sprint III: "The Ten Rune Challenge").
             The game lasted 00:18:58 (1996 turns).

Redear the Brawler (Troll Fighter)                  Turns: 1996, Time: 00:18:59

Health: 0/146      AC:  6    Str: 42    XL:     13   Next: 23%
Magic:  12/21      EV: 23    Int: 23    God:    Cheibriados [******]
Gold:   1391       SH: 18    Dex: 24    Spells: 12/12 levels left

rFire    . . .     SeeInvis +     - Unarmed
rCold    . . .     Gourm    +   g - +2 shield {reflect} {Reflect}
rNeg     . . .     Faith    .   a - +0 robe
rPois    +         Spirit   .   (helmet restricted)
rElec    .         Reflect  +   (no cloak)
rCorr    .         Harm     .   (gloves unavailable)
MR       .....     NoTele   +   (boots unavailable)
Stlth    ++........             (no amulet)
HPRegen  0.74/turn              o - ring of poison resistance {rPois}
MPRegen  0.17/turn              (no ring)

@: very slightly contaminated, very slow
A: large, unfitting armour, claws 3, see invisible, fast metabolism 3, gourmand,
mutation resistance 1, regeneration 1, shaggy fur 1, tough skin 3
}: 1/10 runes: serpentine
a: Bend Time, Temporal Distortion, Slouch, Step From Time, Renounce Religion


You were in the Dungeon.
You worshipped Cheibriados.
Cheibriados was exalted by your worship.
You were very full.

You visited 1 branch You collected 1651 gold pieces.
You spent 260 gold pieces at shops.

Inventory:

Missiles
 Z - 4 throwing nets {+f}
Armour
 a - a +0 robe (worn)
 g - a +2 shield of reflection (worn) {Reflect}
Jewellery
 o - a ring of poison resistance (left claw) {rPois}
Scrolls
 e - a scroll of holy word {unknown}
 f - 3 scrolls of identify
 j - a scroll of torment {unknown}
 k - a scroll of amnesia {unknown}
 N - 2 scrolls of remove curse
Potions
 b - a potion of degeneration {!q}
 c - 2 potions of might {Str+5 DMG+1d10 | @q3}
 d - 2 potions of mutation (quivered) {!q}
 h - 2 potions of magic
 i - a potion of berserk rage
 l - a potion of flight
 n - a potion of lignification {unknown}
Comestibles
 z - 18 rations


   Skills:
 + Level 14.0 Fighting
 + Level 14.0 Dodging
 + Level 14.0 Shields
 + Level 16.1 Unarmed Combat
 + Level 12.6 Invocations


You had 12 spell levels left.
You didn't know any spells.
Your spell library contained the following spells:

 Spells                   Type           Power        Failure   Level  Hunger
 Animate Skeleton         Necr           N/A          16%         1    ##.....
 Apportation              Tloc           #.....       16%         1    ##.....
 Confusing Touch          Hex            #.....       16%         1    ##.....
 Magic Dart               Conj           #...         16%         1    ##.....
 Summon Small Mammal      Summ           #...         16%         1    ##.....
 Blink                    Tloc           N/A          24%         2    ###....
 Call Imp                 Summ           #.......     24%         2    ###....
 Slow                     Hex            #.......     24%         2    ###....
 Conjure Flame            Conj/Fire      #.......     43%         3    ####...
 Mephitic Cloud           Conj/Pois/Air  #.......     43%         3    ####...


Dungeon Overview and Level Annotations

Branches:
Dungeon (1/1)

Altars:
Cheibriados
Dithmenos
Elyvilon
Fedhas
Gozag
Hepliaklqana
Kikubaaqudgha
Makhleb
Nemelex Xobeh
Okawaru
Qazlal
Ru
Sif Muna
Trog
Uskayaw
Vehumet
Wu Jian
Xom
Yredelemnul
Zin
The Shining One
Beogh
Jiyva
Lugonu

Shops:
D =!([


Innate Abilities, Weirdness & Mutations

You are too large for most types of armour.
You have claws for hands.
Your metabolism is lightning-fast.
You like to eat raw meat.
Your natural rate of healing is unusually fast.
You are covered in fur. (AC +1)
You have extremely tough skin. (AC +3)
You have supernaturally acute eyesight. (SInv)
You are somewhat resistant to further mutation.


Message History

The azure jelly freezes you!!!
* * * LOW HITPOINT WARNING * * *
You block the azure jelly's attack. x2
You take 40 damage, and have 27/146 hp.
MASSIVE DAMAGE!!
Unknown command.
Blink to where?
Press: ? - help, Dir - move target cursor You are very lightly contaminated with residual magic.
As you read the scroll of blinking {@r4}, it crumbles to dust.
You regained 2 hp, and now have 30/146 hp.
You close the door.
You start resting.
You hear a slurping noise.
The azure jelly eats the door!
You closely miss the azure jelly.
The azure jelly is severely wounded.
The azure jelly hits you!
* * * LOW HITPOINT WARNING * * *
The azure jelly freezes you!!
You die...

▓.....#.≈≈≈.......#'###__#
▓'#####...........#)).#__#
▓.................#___#__'
▓▓▓▓▓▓▓▓▓▓▓▓▓▓▓▓▓▓▓▓▓▓▓▓▓▓
+≈≈§§≈§≈≈≈♣♣.....♣♣♣♣
#≈≈≈§§≈§≈≈♣♣.≈≈≈≈'♣♣'
#≈≈≈§§§≈≈≈≈'.....#.≈♣
#≈≈≈§§§≈≈≈♣♣♣♣♣♣♣#..♣
#.≈≈@≈§§≈≈♣ ###'
▓##+####J#######♣ ♣♣♣♣.
▓..J...J.)......♣♣ ♣...#
▓#J#############'♣ ♣♣.##
▓.J.#≈P..........♣ ♣..#
▓...+≈≈...########♣♣ ♣♣.#
▓...#≈≈≈..........P♣ ♣♣†#
▓...#≈≈≈≈P..PP....P♣ ♣...
#+#############'#########


You could see 2 azure jellies.

Vanquished Creatures
  Rupert (D)
  Frances (D)
  Donald (D)
  A nagaraja (D)
  An azure jelly (D)
  A naga warrior (D)
  Erolcha (D)
  6 anacondas (D)
  4 death yaks (D)
  Urug (D)
  A lindwurm (D)
  An orc knight (D)
  An orc sorcerer (D)
  6 deep elf magi (D)
  6 black mambas (D)
  A guardian serpent (D)
  2 spiny frogs (D)
  A komodo dragon (D)
  A rime drake (D)
  A queen bee (D)
  2 tyrant leeches (D)
  An orc high priest (D)
  8 blink frogs (D)
  5 redbacks (D)
  A shadow (D)
  3 wandering mushrooms (D)
  2 nagas (D)
  A spatial vortex (D)
  3 water moccasins (D)
  A swamp drake (D)
  2 orc warriors (D)
  A necrophage (D)
  5 two-headed ogres (D)
  A water elemental (D)
  A scorpion (D)
  32 killer bees (D)
  4 orc priests (D)
  A wizard (D)
  A jelly (D)
  A necromancer (D)
  3 orc wizards (D)
  3 humans (D)
  A kobold demonologist (D)
  5 adders (D)
  An ooze (D)
  8 orcs (D)
  3 rats (D)
  A plant (D)
140 creatures vanquished.

Vanquished Creatures (others)
  2 draconian scorchers (D)
  2 hydras (D)
  A skeletal warrior (D)
  6 hellions (D)
  2 yaktaurs (D)
  2 orc high priests (D)
  An electric eel (D)
  A ball lightning (D)
  3 ballistomycetes (D)
  7 ballistomycete spores (D)
  13 plants (D)
40 creatures vanquished.

Grand Total: 180 creatures vanquished

Notes
Turn   | Place    | Note
-------+----------+-------------------------------------------
     0 | D        | Redear the Troll Fighter began the quest for the Orb.
     0 | D        | Reached XP level 1. HP: 22/22 MP: 0/0
    45 | D        | Reached skill level 3 in Fighting
    45 | D        | Reached skill level 3 in Dodging
    45 | D        | Reached skill level 3 in Shields
    45 | D        | Reached skill level 3 in Unarmed Combat
    45 | D        | Reached XP level 2. HP: 4/31 MP: 1/1
    50 | D        | Noticed a scorpion
    55 | D        | HP: 2/31 [scorpion (8)]
    59 | D        | Killed a scorpion
    59 | D        | Reached skill level 4 in Fighting
    59 | D        | Reached skill level 4 in Dodging
    59 | D        | Reached skill level 4 in Shields
    59 | D        | Reached skill level 4 in Unarmed Combat
    59 | D        | Reached XP level 3. HP: 24/39 MP: 2/2
    59 | D        | Reached XP level 4. HP: 30/48 MP: 3/3
    81 | D        | Killed a hellion
    87 | D        | Gained mutation: You have supernaturally acute eyesight.
                  | (SInv) [potion of mutation]
    87 | D        | Gained mutation: You are somewhat resistant to further
                  | mutation. [potion of mutation]
    88 | D        | Noticed a water elemental
    95 | D        | Killed a water elemental
    95 | D        | Reached skill level 5 in Unarmed Combat
   185 | D        | Reached skill level 5 in Fighting
   185 | D        | Reached skill level 5 in Dodging
   185 | D        | Reached skill level 5 in Shields
   185 | D        | Reached XP level 5. HP: 57/57 MP: 4/4
   187 | D        | Noticed a shadow
   188 | D        | Killed a white draconian scorcher
   190 | D        | Killed a shadow
   190 | D        | Reached skill level 6 in Unarmed Combat
   190 | D        | Reached XP level 6. HP: 67/67 MP: 5/5
   190 | D        | Killed a hellion
   190 | D        | Killed a hellion
   190 | D        | Killed a hellion
   198 | D        | Found a blossoming altar of Fedhas.
   198 | D        | Found a stormy altar of Qazlal.
   198 | D        | Noticed a spatial vortex
   202 | D        | Found a snail-covered altar of Cheibriados.
   202 | D        | Found a burning altar of Makhleb.
   202 | D        | Found a shimmering altar of Xom.
   203 | D        | Found a hazy altar of Hepliaklqana.
   203 | D        | Found an opulent altar of Gozag.
   203 | D        | Found a sparkling altar of Nemelex Xobeh.
   203 | D        | Found a corrupted altar of Lugonu.
   203 | D        | Found a viscous altar of Jiyva.
   207 | D        | Became a worshipper of Cheibriados the Contemplative
   214 | D        | Killed a spatial vortex
   214 | D        | Reached skill level 6 in Fighting
   214 | D        | Reached skill level 6 in Dodging
   214 | D        | Reached skill level 6 in Shields
   214 | D        | Reached skill level 7 in Unarmed Combat
   224 | D        | Killed a yaktaur
   232 | D        | Killed a white draconian scorcher
   233 | D        | Found a basalt altar of Yredelemnul.
   233 | D        | Found a shadowy altar of Dithmenos.
   233 | D        | Found a sacrificial altar of Ru.
   236 | D        | Reached * piety under Cheibriados
   247 | D        | Reached XP level 7. HP: 59/76 MP: 6/6
   255 | D        | Killed a hellion
   256 | D        | Found a hide-covered altar of Uskayaw.
   256 | D        | Found a roughly hewn altar of Beogh.
   256 | D        | Found an iron altar of Okawaru.
   256 | D        | Found a bloodstained altar of Trog.
   256 | D        | Found an ornate altar of the Wu Jian Council.
   256 | D        | Noticed a human
   257 | D        | Noticed a human
   257 | D        | Killed a hellion
   268 | D        | Killed a human
   268 | D        | Reached skill level 7 in Fighting
   268 | D        | Reached skill level 7 in Dodging
   268 | D        | Reached skill level 7 in Shields
   268 | D        | Reached skill level 8 in Unarmed Combat
   275 | D        | Killed a human
   275 | D        | Reached ** piety under Cheibriados
   320 | D        | Found a radiant altar of Vehumet.
   320 | D        | Found a deep blue altar of Sif Muna.
   320 | D        | Found an ancient bone altar of Kikubaaqudgha.
   335 | D        | Found a glowing silver altar of Zin.
   335 | D        | Found a glowing golden altar of the Shining One.
   335 | D        | Found a white marble altar of Elyvilon.
   336 | D        | Noticed a deep elf mage
   340 | D        | Killed a deep elf mage
   340 | D        | Reached skill level 8 in Fighting
   340 | D        | Reached skill level 8 in Dodging
   340 | D        | Reached skill level 8 in Shields
   340 | D        | Reached skill level 9 in Unarmed Combat
   340 | D        | Reached XP level 8. HP: 80/88 MP: 7/7
   363 | D        | Reached *** piety under Cheibriados
   390 | D        | Found Ejiyrairr's Armour Shoppe.
   390 | D        | Noticed an orc sorcerer
   398 | D        | Reached **** piety under Cheibriados
   404 | D        | Noticed an orc knight
   414 | D        | Killed an orc knight
   414 | D        | Reached ***** piety under Cheibriados
   414 | D        | Reached skill level 10 in Unarmed Combat
   414 | D        | Reached skill level 2 in Invocations
   417 | D        | Noticed a soul eater
   425 | D        | Killed an orc sorcerer
   425 | D        | Reached skill level 9 in Fighting
   425 | D        | Reached skill level 9 in Dodging
   425 | D        | Reached skill level 9 in Shields
   425 | D        | Reached skill level 3 in Invocations
   425 | D        | Reached XP level 9. HP: 20/98 MP: 8/10
   440 | D        | Reached ****** piety under Cheibriados
   580 | D        | Noticed a deep elf mage
   580 | D        | Noticed a deep elf mage
   580 | D        | Noticed a deep elf mage
   580 | D        | Noticed a deep elf mage
   580 | D        | Noticed a deep elf mage
   586 | D        | Killed a deep elf mage
   586 | D        | Reached skill level 11 in Unarmed Combat
   586 | D        | Reached skill level 4 in Invocations
   590 | D        | Noticed a jumping spider
   590 | D        | Killed a deep elf mage
   592 | D        | Killed a deep elf mage
   592 | D        | Reached skill level 5 in Invocations
   613 | D        | Killed a deep elf mage
   613 | D        | Reached skill level 10 in Fighting
   613 | D        | Reached skill level 10 in Dodging
   613 | D        | Reached skill level 10 in Shields
   613 | D        | Reached XP level 10. HP: 71/110 MP: 13/13
   614 | D        | Killed a deep elf mage
   614 | D        | Reached skill level 6 in Invocations
   708 | D        | Noticed Erolcha
   713 | D        | Reached skill level 12 in Unarmed Combat
   717 | D        | Killed Erolcha
   717 | D        | Reached skill level 7 in Invocations
   797 | D        | Reached skill level 11 in Fighting
   797 | D        | Reached skill level 11 in Dodging
   797 | D        | Reached skill level 11 in Shields
   798 | D        | Reached skill level 8 in Invocations
   798 | D        | Reached XP level 11. HP: 114/120 MP: 4/16
   884 | D        | Reached skill level 13 in Unarmed Combat
   940 | D        | Reached skill level 9 in Invocations
   956 | D        | Noticed a lindwurm
   960 | D        | Killed a lindwurm
   970 | D        | Noticed Urug
   971 | D        | Killed Urug
   978 | D        | Noticed a four-headed hydra
   978 | D        | Noticed a five-headed hydra
  1021 | D        | Killed a four-headed hydra
  1026 | D        | Noticed Donald
  1026 | D        | Noticed Frances
  1030 | D        | Killed a five-headed hydra
  1035 | D        | Killed Donald
  1035 | D        | Reached skill level 12 in Fighting
  1035 | D        | Reached skill level 12 in Dodging
  1035 | D        | Reached skill level 12 in Shields
  1035 | D        | Reached skill level 14 in Unarmed Combat
  1036 | D        | Killed Frances
  1036 | D        | Reached skill level 10 in Invocations
  1129 | D        | Noticed a sixfirhy
  1143 | D        | HP: 11/124 [orc high priest/divine providence (14)]
  1152 | D        | Reached XP level 12. HP: 17/133 MP: 5/18
  1363 | D        | Noticed Rupert
  1367 | D        | Killed Rupert
  1380 | D        | Noticed a death yak
  1381 | D        | Noticed a death yak
  1383 | D        | Noticed a death yak
  1386 | D        | Noticed a death yak
  1390 | D        | Killed a death yak
  1395 | D        | Killed a death yak
  1395 | D        | Reached skill level 11 in Invocations
  1403 | D        | Killed a death yak
  1403 | D        | Reached skill level 13 in Fighting
  1403 | D        | Reached skill level 13 in Dodging
  1408 | D        | Killed a death yak
  1408 | D        | Reached skill level 13 in Shields
  1408 | D        | Reached skill level 15 in Unarmed Combat
  1427 | D        | Noticed an azure jelly
  1427 | D        | Noticed an azure jelly
  1464 | D        | Noticed an anaconda
  1464 | D        | Noticed an anaconda
  1471 | D        | Killed an anaconda
  1482 | D        | Killed an anaconda
  1580 | D        | Noticed an anaconda
  1581 | D        | Noticed an anaconda
  1582 | D        | Noticed an anaconda
  1582 | D        | Noticed an anaconda
  1585 | D        | Killed an anaconda
  1585 | D        | Killed an anaconda
  1585 | D        | Reached skill level 12 in Invocations
  1585 | D        | Killed an anaconda
  1585 | D        | Killed an anaconda
  1585 | D        | Reached XP level 13. HP: 91/145 MP: 14/21
  1662 | D        | Noticed a nagaraja
  1664 | D        | Found Rustrosch's Jewellery Boutique.
  1664 | D        | Found Ruroig's Distillery.
  1749 | D        | Killed a nagaraja
  1749 | D        | Reached skill level 16 in Unarmed Combat
  1811 | D        | Found Xoher's Antique Weapon Shop.
  1819 | D        | Bought an uncursed ring of poison resistance for 260 gold
                  | pieces
  1909 | D        | Got a serpentine rune of Zot
  1981 | D        | Noticed an azure jelly
  1981 | D        | Noticed an azure jelly
  1987 | D        | Killed an azure jelly
  1987 | D        | Reached skill level 14 in Fighting
  1987 | D        | Reached skill level 14 in Dodging
  1987 | D        | Reached skill level 14 in Shields
  1996 | D        | Slain by an azure jelly

Levels and vault maps discovered:
D:        dungeon_sprint_mu [sprint_mu_entry_forest, sprint_mu_temple_rooms,
          sprint_mu_d1_spiders, sprint_mu_d2_genie, sprint_mu_d3_branching,
          sprint_mu_orc_legion, sprint_mu_elf_gauntlet, sprint_mu_hive_nellie,
          sprint_mu_lair_fedhas, sprint_mu_vaults_butterflies,
          sprint_mu_slime_circle, sprint_mu_shoals_archi,
          sprint_mu_snake_twists, sprint_mu_blade_basic, sprint_mu_crypt_lich,
          sprint_mu_tomb_spiral, sprint_mu_vestibule_basic,
          sprint_mu_gehenna_hellfire, sprint_mu_dis_giant,
          sprint_mu_tartarus_statrot, sprint_mu_cocytus_islands, sprint_mu_zot1]

Skill      XL: |  1  2  3  4  5  6  7  8  9 10 11 12 13 |
---------------+----------------------------------------+-----
Fighting       | 3 4 5 6 8 9 10 11 12 13 14 | 14.0
Dodging        | 3 4 5 6 8 9 10 11 12 13 14 | 14.0
Shields        | 3 4 5 6 8 9 10 11 12 13 14 | 14.0
Unarmed Combat | 3 4 5 6 7 9 10 11 12 14 15 16 | 16.1
Invocations    | 3 5 8 10 12 | 12.6

Action                   |  1- 3 |  4- 6 |  7- 9 | 10-12 | 13-15 || total
-------------------------+-------+-------+-------+-------+-------++-------
Melee: Unarmed           |    20 |    28 |    79 |   173 |    25 ||   325
Invok: Slouch            |       |       |     1 |     9 |     3 ||    13
       Step From Time    |       |       |       |       |     1 ||     1
  Use: Potion            |     2 |     2 |     1 |       |     2 ||     7
       Scroll            |       |       |       |       |     1 ||     1
 Stab: Sleeping          |       |       |       |     2 |       ||     2
       Distracted        |       |       |       |       |     1 ||     1
  Eat: Chunk             |       |       |    10 |     7 |     1 ||    18
Armor: Robe              |     6 |     3 |     3 |     9 |     2 ||    23
Dodge: Dodged            |     4 |     5 |    23 |   101 |    18 ||   151
Block: Shield            |     2 |     3 |    27 |   128 |    25 ||   185
       Reflection        |       |       |       |       |     3 ||     3

Table legend:
 A = Non-vault XP
 B = Vault XP
 C = Vault XP percentage of total XP
 D = Non-vault monster count
 E = Vault monster count
 F = Vault count percentage of total count
                 A         B        C        D         E       F
            +---------+---------+-------+---------+---------+-------
      Total |       0 |   44165 | 100.0 |       0 |     140 | 100.0
            +---------+---------+-------+---------+---------+-------
          D |       0 |   44165 | 100.0 |       0 |     140 | 100.0
            +---------+---------+-------+---------+---------+-------
